Description

0.55

VOD

https://www.youtube.com/watch?v=joMDyi9sNPw

Replay - Top 10 Protoss Cheeses PvT Proxy Gate Game 3

Build Order

Get SALT Encoding   

  12  0:00  Probe  
  13  0:13  Probe  
  14  0:17  Pylon  
  14  0:24  Probe  
  15  0:32  Probe  
  15  0:39  Gateway  
  15  0:40  Probe  
  16  0:47  Assimilator  
  17  0:51  Probe  
  18  0:58  Pylon  
  18  1:03  Probe  
  19  1:18  Gateway  
  19  1:24  Probe  
  20  1:27  Cybernetics Core  
  20  1:36  Probe  
  20  1:38  Assimilator  
  20  1:39  Zealot  
  23  1:50  Probe  
  24  1:55  Stalker x2  
  24  2:03  Warp Gate  
  24  2:08  Pylon  
  29  2:25  Stalker  
  31  2:30  Stalker  
  33  2:42  Pylon  
  34  3:00  Stalker x2  
  36  3:17  Gateway x2  
  36  3:36  Pylon  
  32  4:02  Stalker x2  
  36  4:05  Shield Battery  
  34  4:11  Stalker x2  
Spawning Tool Build Advisor. Get it on Overwolf

Analysis

055

Go to:

Details

  • Created by: Pose1don
  • Published on: Oct 14, 2019
  • Modified on: Oct 14, 2019
  • Patch: 4.7.1
Show
View Real Time Build Order
Export as new Build Order

Comments (0)

There are no comments. Be the first!

Create an account to comment!